 Dungeon Crawl Stone Soup version 0.18.1-47-g9310371 (webtiles) character file.

487 sarahorange the Magician (level 6, 0/37 HPs)
             Began as a High Elf Necromancer on June 13, 2016.
             Slain by a giant frog skeleton (2 damage)
             ... on level 4 of the Dungeon.
             The game lasted 01:02:35 (5080 turns).

sarahorange the Magician (High Elf Necromancer)     Turns: 5080, Time: 01:02:36

Health: 0/37       AC:  2    Str:  7    XL:     6   Next: 89%
Magic:  16/16      EV:  8    Int: 21    God:
Gold:   118        SH:  0    Dex: 16    Spells: 6 memorised, 6 levels left

rFire  . . .     SeeInvis .     i - +4 dagger
rCold  . . .     Gourm    .     a - +0 robe
rNeg   . . .     Faith    .     (no shield)
rPois  .         Spirit   .     (no helmet)
rElec  .         Dismiss  .     (no cloak)
rCorr  .         Reflect  .     (no gloves)
SustAt .         Harm     .     (no boots)
MR     .....                    (no amulet)
Stlth  ++........               (no ring)
                                (no ring)

@: very slightly contaminated, not resistant to hostile enchantments, unstealthy
A: no striking features
a: no special abilities


You were on level 4 of the Dungeon.
You were not hungry.

You visited 1 branch of the dungeon, and saw 4 of its levels.

You collected 118 gold pieces.

Inventory:

Hand Weapons
 f - a +0 dagger of draining
 i - a +4 dagger (weapon)
 m - a +0 flail
 q - a +0 whip
 u - a +3 hand axe
Missiles
 g - 15 poisoned needles (quivered)
Armour
 a - a +0 robe (worn)
 e - a +0 scale mail
 z - a +0 robe
Scrolls
 l - 2 scrolls of immolation {unknown}
 p - a scroll of fear {unknown}
 r - a scroll of teleportation {unknown}
 x - a scroll of remove curse
 y - a scroll of identify
Potions
 j - a potion of brilliance {unknown}
 k - a potion of berserk rage {unknown}
 o - a potion of flight {unknown}
 w - a potion of curing {unknown}
Books
 b - a book of Necromancy

   Spells                             Type                      Level
   a - Pain                           Necromancy                   1
   b - Animate Skeleton               Necromancy                   1
   c - Vampiric Draining              Necromancy                   3
   d - Regeneration                   Charms/Necromancy            3
   e - Animate Dead                   Necromancy                   4
   f - Control Undead                 Necromancy                   4
 s - a book of Air

   Spells                             Type                      Level
   a - Shock                          Conjuration/Air              1
   b - Swiftness                      Charms/Air                   2
   c - Repel Missiles                 Charms/Air                   2
   d - Static Discharge               Conjuration/Air              3
   e - Lightning Bolt                 Conjuration/Air              5
Comestibles
 c - 2 bread rations
 d - 2 chunks of flesh
 n - 2 slices of pizza
 t - 3 fruits


   Skills:
 + Level 0.8 Fighting
 + Level 2.5 Dodging
 + Level 2.3 Stealth
 + Level 6.1 Spellcasting
 + Level 0.2 Charms
 + Level 5.0 Necromancy
 + Level 0.2 Air Magic


You had 6 spell levels left.
You knew the following spells:

 Your Spells              Type           Power        Failure   Level  Hunger
a - Pain                  Necr           ####         1%          1    None
b - Animate Skeleton      Necr           N/A          1%          1    None
c - Vampiric Draining     Necr           ####......   3%          3    #......
d - Regeneration          Chrm/Necr      ###.......   12%         3    #......
e - Shock                 Conj/Air       #...         12%         1    None
f - Swiftness             Chrm/Air       #.......     14%         2    None


Dungeon Overview and Level Annotations

Branches:
Dungeon (4/15)
 Temple: D:4-7

Altars:


Message History

Casting: Shock
Confirm with . or Enter, or press ? or * to list all spells.
You miscast Swiftness.
You are very lightly contaminated with residual magic.
You are blasted with air!
The giant frog skeleton closely misses you.
The giant frog skeleton hits you.
You see here 9 gold pieces.
The giant frog skeleton hits you.
The giant frog skeleton hits you but does no damage.
The giant frog skeleton hits you! The giant frog skeleton hits you.
You see here a giant club.
The giant frog skeleton hits you.
* * * LOW HITPOINT WARNING * * *
The giant frog skeleton hits you.
* * * LOW HITPOINT WARNING * * *
There is a stone staircase leading up here.
The giant frog skeleton hits you.
You die...

. . . .## ... ..#
##############
..###......)...Z@#
......############
#..######
........#
.#..###.# .#..#
.##..# .# ..# .#
#.#


You could see a giant frog skeleton.

Vanquished Creatures
  An ogre (D:4)
  A giant frog (D:3)
  An orc priest (D:3)
  An orc wizard (D:3)
  An iguana (D:3)
  Natasha (thrice) (D:2)
  9 adders
  An ooze (D:3)
  2 worms
  A dart slug (D:1)
  3 giant geckos
  12 orcs (D:3)
  7 giant cockroaches
  11 goblins
  5 hobgoblins
  3 jackals (D:2)
  14 kobolds
  A quokka (D:3)
  2 ball pythons
  7 bats
  12 rats
98 creatures vanquished.

Vanquished Creatures (collateral kills)
  A rat (D:1)
1 creature vanquished.

Grand Total: 99 creatures vanquished

Notes
Turn   | Place    | Note
--------------------------------------------------------------
     0 | D:1      | sarahorange the High Elf Necromancer began the quest for the Orb.
     0 | D:1      | Reached XP level 1. HP: 11/11 MP: 4/4
     2 | D:1      | Learned a level 1 spell: Animate Skeleton
   360 | D:1      | Reached XP level 2. HP: 16/17 MP: 4/6
  1369 | D:1      | Reached XP level 3. HP: 18/21 MP: 4/8
  1493 | D:2      | Learned a level 3 spell: Vampiric Draining
  1528 | D:2      | Reached skill level 3 in Spellcasting
  1923 | D:2      | Reached XP level 4. HP: 21/27 MP: 2/9
  2074 | D:2      | Noticed Natasha
  2086 | D:2      | Killed Natasha
  2191 | D:2      | Noticed Natasha
  2200 | D:2      | Killed Natasha
  2223 | D:2      | Noticed Natasha
  2263 | D:2      | Reached skill level 4 in Spellcasting
  2396 | D:2      | Learned a level 3 spell: Regeneration
  2643 | D:2      | Reached XP level 5. HP: 27/32 MP: 5/12
  2707 | D:2      | Learned a level 1 spell: Shock
  2710 | D:2      | Learned a level 2 spell: Swiftness
  2838 | D:2      | Killed Natasha
  4024 | D:3      | Reached skill level 5 in Spellcasting
  4024 | D:3      | Reached XP level 6. HP: 16/37 MP: 2/14
  4928 | D:4      | Reached skill level 6 in Spellcasting
  4928 | D:4      | Reached skill level 5 in Necromancy
  5080 | D:4      | Slain by a giant frog skeleton

Skill      XL: |  1  2  3  4  5  6 |
---------------+-------------------+-----
Spellcasting   | 3 4 5 6 |  6.1
Necromancy     | 4 5 |  5.0
Fighting       | |  0.8
Dodging        | |  2.5
Stealth        | |  2.3
Charms         | |  0.2
Air Magic      | |  0.2

Action                   |  1- 3 |  4- 6 || total
-------------------------+-------+-------++-------
Melee: Dagger            |    14 |    15 ||    29
 Cast: Pain              |    64 |   121 ||   185
       Animate Skeleton  |     5 |     4 ||     9
       Vampiric Draining |       |    13 ||    13
       Shock             |       |     6 ||     6
       Regeneration      |       |     6 ||     6
       Swiftness         |       |     1 ||     1
  Use: Scroll            |     3 |     2 ||     5
       Potion            |       |     1 ||     1
  Eat: Chunk             |     3 |     3 ||     6
       Meat ration       |       |     1 ||     1
       Fruit             |       |     4 ||     4
Armor: Robe              |     3 |     2 ||     5
Dodge: Dodged            |    22 |    24 ||    46
